 Dungeon Crawl Stone Soup version 0.13.0-18-g7b03ea5 (webtiles) character file.

4478 Lilouch the Basher (level 10, -5/57 HPs)
             Began as a Gargoyle Fighter on Oct 22, 2013.
             Was an Elder of Okawaru.
             Slain by a hill giant
             ... wielding a +0,+0 giant spiked club
              (22 damage)
             ... on Level 9 of the Dungeon.
             The game lasted 00:44:08 (7618 turns).

Lilouch the Basher (Gargoyle Fighter)               Turns: 7618, Time: 00:44:09

HP  -5/57        AC 24     Str 24      XL: 10   Next: 27%
MP   9/9         EV  4     Int  8      God: Okawaru [****..]
Gold 332         SH 17     Dex  7      Spells:  0 memorised,  9 levels left

Res.Fire  : + + .   See Invis. : .   M - +8,+4 sabre of Eternal Harmony {venom, rElec rF+ Dex-2}
Res.Cold  : . . .   Warding    : .   b - +0 orc plate armour
Life Prot.: + . .   Conserve   : .   L - -1 shield of Prelyev {rF+}
Res.Poison: +       Res.Corr.  : .   Z - +0 orc helmet
Res.Elec. : +       Clarity    : .   j - +0 cloak
Sust.Abil.: . .     Spirit.Shd : .   (no gloves)
Res.Mut.  : .       Stasis     : .   (no boots)
Res.Rott. : +       Flight     : .   S - amulet of faith
Saprovore : . . .                    (no ring)
                                     m - ring of sustenance

@: somewhat resistant to hostile enchantments, extremely unstealthy
A: fangs 1, talons 2, life protection 1, electricity resistance, slow metabolism
1, unbreathing, petrification resistance, AC +7
a: Heroism, Renounce Religion


You were on level 9 of the Dungeon.
You worshipped Okawaru.
Okawaru was greatly pleased with you.
You were hungry.

You visited 2 branches of the dungeon, and saw 10 of its levels.
You also visited: Sewer.

You collected 312 gold pieces.

Inventory:

Hand weapons
 w - a +0,+2 orcish flail
 y - a +0 blowgun
 M - the +8,+4 sabre of Eternal Harmony (weapon) {venom, rElec rF+ Dex-2}
   (You found it on level 4 of the Dungeon)

   It poisons the flesh of those it strikes.
   It affects your dexterity (-2).
   It protects you from fire.
   It insulates you from electricity.
 Y - the +7,+10 falchion of Departure {venom, rF- MR+ Int+1}
   (You found it on level 6 of the Dungeon)

   It poisons the flesh of those it strikes.
   It affects your intelligence (+1).
   It makes you vulnerable to fire.
   It affects your resistance to hostile enchantments.
Missiles
 u - 5 needles of confusion
 x - 34 poisoned needles
 V - 9 darts of dispersal (quivered)
 W - 14 arrows of dispersal
Armour
 b - a +0 orcish plate armour (worn)
 j - a +0 cloak (worn)
 L - the -1 shield of Prelyev (worn) {rF+}
   (You found it on level 4 of the Dungeon)

   It protects you from fire.
 Z - a +0 orcish helmet (worn)
Magical devices
 t - a wand of draining (9) {unknown}
 N - a wand of confusion (5) {unknown}
 X - a wand of teleportation (2) {unknown}
Comestibles
 d - 10 bread rations
 B - a meat ration
 F - 6 beef jerkies
Scrolls
 a - a scroll of random uselessness {unknown}
 c - a scroll of fog {unknown}
 f - a scroll of recharging
 g - 3 scrolls of magic mapping
 h - 5 scrolls of teleportation
 i - 3 scrolls of blinking {unknown}
 o - a scroll of enchant armour
 v - a scroll of amnesia {unknown}
 C - a scroll of fear
 E - 2 scrolls of curse weapon {unknown}
 G - 4 scrolls of curse armour {unknown}
 J - 4 scrolls of remove curse
 K - a scroll of enchant weapon II {unknown}
 U - 4 scrolls of vulnerability
Jewellery
 m - a ring of sustenance (left hand)
 I - an uncursed ring of positive energy {unknown}
 P - an uncursed ring of teleport control {unknown}
 S - an amulet of faith (around neck)
 T - an uncursed ring of wizardry {unknown}
Potions
 e - 3 potions of heal wounds {unknown}
 k - a potion of flight {unknown}
 p - 5 potions of curing
 q - 2 potions of speed {unknown}
 r - 3 potions of brilliance {unknown}
 s - a potion of might
 z - 3 potions of magic {unknown}
 D - 3 potions of mutation {unknown}
 H - 2 potions of paralysis {unknown}
 R - a potion of invisibility {unknown}
Books
 l - a book of the Warp

   Spells                             Type                      Level
   Recall                             Summoning/Translocation      3
   Control Teleport                   Charms/Translocation         4
   Phase Shift                        Translocation                5
   Warp Weapon                        Charms/Translocation         5
   Dispersal                          Translocation                6
   Controlled Blink                   Translocation                7
   Disjunction                        Translocation                8
 O - a book of War Chants

   Spells                             Type                      Level
   Fire Brand                         Charms/Fire                  2
   Freezing Aura                      Charms/Ice                   2
   Shroud of Golubria                 Charms/Translocation         2
   Repel Missiles                     Charms/Air                   2
   Poison Weapon                      Charms/Poison                3
   Regeneration                       Charms/Necromancy            3


   Skills:
 - Level 3.2 Fighting
 * Level 12.9 Maces & Flails
 + Level 9.6 Armour
 - Level 3.2 Shields


You had 9 spell levels left.
You didn't know any spells.

Dungeon Overview and Level Annotations

Branches:
Dungeon (9/27)             Temple (1/1) D:4
    Orc: D:6-11        Lair: D:8-13

Altars:
Ashenzari
Elyvilon
Fedhas
Makhleb
Okawaru
Sif Muna
Trog
Vehumet
Yredelemnul

Shops:
D:7 +


Innate Abilities, Weirdness & Mutations

You are resistant to torment.
You are immune to poison.
Your stone body is very resilient (AC +7).
You have very sharp teeth.
You have razor-sharp toenails.
You resist negative energy.
You are resistant to electric shocks.
You have a slow metabolism.
You can survive without breathing.
You are immune to petrification.


Message History

You claw the hill giant.
The hill giant is heavily wounded.
You block the hill giant's attack.
You barely miss the hill giant. You claw the hill giant.
The hill giant is heavily wounded.
The hill giant hits you with a giant spiked club!
You hit the hill giant but do no damage.
The hill giant looks even sicker.
The hill giant is heavily wounded.
The hill giant hits you with a giant spiked club!
* * * LOW HITPOINT WARNING * * *
You hit the hill giant.
The hill giant looks even sicker.
Your kick misses the hill giant.
You bite the hill giant, but do no damage.
The hill giant is heavily wounded.
You hit the hill giant but do no damage.
You claw the hill giant.
The hill giant is severely wounded.
The hill giant hits you with a giant spiked club!
You die...

. .# .# # .#
=# .#..#
.#..# ...
###########C#
#<........@.#
#############


You could see a hill giant.

Vanquished Creatures
  A two-headed ogre (D:7)
  Eustachio (D:5)
  A hungry ghost (D:7)
  2 sky beasts
  An ice beast (D:7)
  3 orc warriors
  A phantom (D:7)
  3 centaurs
  2 ogres
  A water moccasin (D:5)
  3 giant frogs
  A manticore zombie (D:3)
  14 killer bees (D:8)
  A troll skeleton (D:8)
  A goliath beetle (D:6)
  7 hounds
  3 big fish (Sewer)
  2 iguanas
  2 giant frog skeletons (D:7)
  10 crimson imps
  2 jellies
  10 orc wizards
  2 scorpions
  5 worker ants
  Ijyb (D:5)
  Jessica (D:2)
  A worker ant zombie (D:6)
  An inept feature mimic (D:3)
  9 adders
  A green rat (D:5)
  A shadow imp (D:8)
  A white imp (D:8)
  3 giant mites (D:4)
  7 worms
  An adder zombie (D:6)
  An ooze (D:3)
  27 orcs
  5 ball pythons
  10 giant cockroaches
  6 goblins
  7 hobgoblins
  15 jackals
  8 quokkas
  11 bats
  4 giant geckos
  12 giant newts
  2 hobgoblin skeletons (D:4)
  22 kobolds
  An orc zombie (D:8)
  20 rats
  2 plants (Sewer)
259 creatures vanquished.

Notes
Turn   | Place    | Note
--------------------------------------------------------------
     0 | D:1      | Lilouch, the Gargoyle Fighter, began the quest for the Orb.
     0 | D:1      | Reached XP level 1. HP: 14/14 MP: 0/0
   206 | D:1      | Reached XP level 2. HP: 19/19 MP: 1/1
   597 | D:2      | Reached XP level 3. HP: 24/24 MP: 2/2
   642 | D:2      | Noticed Jessica
   648 | D:2      | Killed Jessica
   648 | D:2      | Reached skill level 4 in Maces & Flails
   706 | D:2      | Reached XP level 4. HP: 28/28 MP: 3/3
  1353 | D:3      | Found a glowing drain.
  1373 | D:3      | Reached skill level 5 in Maces & Flails
  1373 | D:3      | Reached XP level 5. HP: 30/33 MP: 4/4
  1521 | Sewer    | Entered a sewer
  1780 | Sewer    | Reached XP level 6. HP: 34/38 MP: 5/5
  1888 | Sewer    | Reached skill level 6 in Maces & Flails
  2499 | D:3      | Reached skill level 5 in Armour
  3107 | D:4      | Found a bloodstained altar of Trog.
  3137 | D:4      | Reached XP level 7. HP: 42/42 MP: 6/6
  3249 | D:4      | Reached skill level 7 in Maces & Flails
  3421 | D:4      | Got a shimmering shield
  3433 | D:4      | Identified the cursed -1 shield of Prelyev {rF+} (You found it on level 4 of the Dungeon)
  3502 | D:4      | Got a brightly glowing sabre
  3503 | D:4      | Identified the sabre of Eternal Harmony {venom, rElec rF+ Dex-2} (You found it on level 4 of the Dungeon)
  3844 | D:4      | Found a staircase to the Ecumenical Temple.
  3854 | Temple   | Entered the Ecumenical Temple
  3869 | Temple   | Became a worshipper of Warmaster Okawaru
  3951 | D:4      | Reached skill level 8 in Maces & Flails
  3973 | D:5      | Entered Level 5 of the Dungeon
  4018 | D:5      | Noticed Eustachio
  4076 | D:5      | Killed Eustachio
  4076 | D:5      | Reached XP level 8. HP: 38/48 MP: 7/7
  4202 | D:5      | Found a radiant altar of Vehumet.
  4256 | D:5      | Noticed Ijyb
  4265 | D:5      | Killed Ijyb
  4389 | D:5      | Reached skill level 9 in Maces & Flails
  4670 | D:5      | Acquired Okawaru's first power
  5224 | D:6      | Reached skill level 10 in Maces & Flails
  5237 | D:6      | Got an ivory falchion
  5244 | D:6      | Identified the falchion of Departure {venom, rF- MR+ Int+1} (You found it on level 6 of the Dungeon)
  5442 | D:6      | Reached XP level 9. HP: 45/52 MP: 8/8
  5840 | D:7      | Found Toaker's Book Emporium.
  5865 | D:7      | Reached skill level 11 in Maces & Flails
  6497 | D:8      | Reached skill level 12 in Maces & Flails
  6759 | D:8      | Reached XP level 10. HP: 57/57 MP: 9/9
  7611 | D:9      | Noticed a hill giant
  7618 | D:9      | Slain by a hill giant

Action                   |  1- 3 |  4- 6 |  7- 9 | 10-12 || total
-------------------------+-------+-------+-------+-------++-------
Melee: Mace              |    92 |   113 |       |       ||   205
       Flail             |       |   255 |    48 |       ||   303
       Sabre             |       |       |   422 |   167 ||   589
  Use: Scroll            |       |       |    11 |       ||    11
       Potion            |       |       |     2 |       ||     2
